Map: Aire du défenseur EC

Players

zidar

  • Race: Zerg Zerg
  • League: Gold
  • Spawn Location: 7:00

Lamerok - Winner!

  • Race: Terran Terran
  • League: Platinum
  • Spawn Location: 1:00

VOD

Have the link to the VOD?

Description

Time

  • Played on: June 28, 2017, 1:59 p.m.
  • Length: 7:09
Show
View Real Time Build Order
Export as new Build Order

zidar Zerg 

Build Orders: Hatch First 

Get SALT Encoding   

  12  0:02  Drone  
  13  0:12  Overlord  
  13  0:17  Drone  
  14  0:31  Drone x2  
  16  0:51  Hatchery  
  16  0:53  Drone  
  16  0:56  Extractor  
  15  0:58  Drone  
  16  1:14  Spawning Pool  
  16  1:16  Drone  
  16  1:23  Drone  
  17  1:25  Drone  
  17  1:32  Drone  
  19  2:00  Metabolic Boost  
  19  2:02  Queen  
  19  2:07  Queen  
  23  2:17  Roach Warren  
  22  2:27  Zergling x8  
  26  2:48  Overlord  
  26  3:06  Roach x3  
  26  3:07  Roach x2  
  36  3:25  Overlord  
  36  3:26  Overlord  
  35  3:44  Zergling x14  
  42  4:09  Lair  
  42  4:10  Baneling Nest  
  29  4:36  Zergling x16  
  37  4:41  Ravager x2  
  39  5:11  Ravager  
  33  5:31  Baneling x3  
  33  5:37  Drone x3  
  33  5:38  Drone x9  
  45  5:48  Overseer  
  45  6:02  Drone  
  46  6:11  Extractor  
  46  6:15  Extractor  
  46  6:18  Hatchery  
  41  6:19  Extractor  
Show
View Real Time Build Order
Export as new Build Order

Lamerok Terran - Winner!

Build Orders:  

Get SALT Encoding   

  12  0:02  SCV  
  14  0:14  SCV  
  14  0:22  Supply Depot  
  14  0:26  SCV  
  15  0:29  Refinery  
  15  0:46  Barracks  
  15  0:47  SCV  
  16  0:59  SCV  
  17  1:06  Barracks  
  17  1:11  SCV  
  18  1:23  SCV  
  19  1:30  Barracks  
  19  1:34  Barracks Tech Lab  
  19  1:44  Supply Depot  
  19  1:51  Orbital Command  
  19  2:00  Stimpack  
  19  2:04  Marine  
  20  2:13  Marauder  
  22  2:20  Marine  
  23  2:29  Factory  
  23  2:31  Marine  
  23  2:35  Marauder  
  26  2:39  Refinery  
  26  2:41  Marine  
  27  2:51  Marine  
  27  2:57  Marauder  
  30  2:59  Marine  
  30  3:04  Supply Depot  
  31  3:19  Factory Reactor  
  31  3:25  Marine, SCV  
  31  3:26  Marauder  
  35  3:34  Marine  
  36  3:43  Marine  
  36  3:47  Marauder  
  39  3:59  Supply Depot  
  39  4:18  Marine  
  39  4:20  Marauder  
  35  4:28  Widow Mine  
  28  4:37  Command Center  
  28  4:39  Marine x2  
  32  4:50  Widow Mine, Supply Depot  
  34  4:59  Widow Mine  
  34  5:01  Marine x2, Marauder  
  38  5:18  Combat Shield  
  39  5:23  Marauder  
  40  5:31  Barracks Reactor  
  40  5:35  Barracks Reactor  
  39  5:38  Cyclone  
  42  5:48  Marine  
  43  5:55  Orbital Command  
  43  6:05  Marine  
  46  6:18  Widow Mine  
  45  6:24  Marine x4  
  51  6:25  Marauder  
  53  6:36  Widow Mine  
  55  6:41  Marine x2  
  55  6:42  Marine x2  
  55  6:46  Marine, Widow Mine  
Tags
 
Add a new tag
Caveats
  • Supply blocks, unpowered buildings, or Contaminate may cause inaccurate times.
  • Supply counts are checked every 10 seconds.